 Dungeon Crawl Stone Soup version 0.18-a0-1418-ga86aa8f (webtiles) character file.

497 Ijustatesigmund the Insei (level 7, -3/47 HPs)
             Began as an Octopode Transmuter on Feb 26, 2016.
             Killed from afar by an orc wizard (8 damage)
             ... with a magic dart
             ... on level 5 of the Dungeon.
             The game lasted 00:17:43 (5172 turns).

Ijustatesigmund the Insei (Octopode Transmuter)     Turns: 5172, Time: 00:17:46

Health: -3/47      AC:  1    Str: 10    XL:     7   Next: 15%
Magic:  11/11      EV: 12    Int: 16    God:
Gold:   263        SH:  0    Dex: 13    Spells: 3 memorised, 6 levels left

rFire  + . .     SeeInvis +       - Unarmed
rCold  . . .     Gourm    .     (no shield)
rNeg   . . .     Faith    .     (helmet restricted)
rPois  .         Spirit   .     (no amulet)
rElec  .         Dismiss  .     o - ring of see invisible
rCorr  .         Reflect  .     t - ring of protection from fire
SustAt .         Harm     .     d - ring of flight
MR     .....                    l - ring of stealth
Stlth  ++++......               (no ring)
                                (no ring)
                                (no ring)
                                (no ring)

@: appendage, not resistant to hostile enchantments, stealthy
A: almost no armour, amphibious, 8 rings, constrict 8, tentacle spike 3,
camouflage 1, gelatinous body 1
a: End Transformation, Evoke Flight


You were on level 5 of the Dungeon.
You were not hungry.
One of your tentacles had a temporary spike.
You visited 1 branch of the dungeon, and saw 5 of its levels.

You collected 263 gold pieces.

Inventory:

Hand Weapons
 f - a +0 blowgun
Missiles
 e - 4 tomahawks (quivered)
 h - 38 poisoned needles
 j - 11 arrows
 m - 13 arrows of flame
Jewellery
 d - a ring of flight (on tentacle)
 l - a ring of stealth (on tentacle)
 o - a ring of see invisible (left tentacle)
 t - a ring of protection from fire (right tentacle)
Wands
 g - a wand of paralysis (11/24)
Scrolls
 n - a scroll of remove curse
 p - a scroll of immolation
 q - 3 scrolls of recharging {unknown}
Potions
 a - a potion of berserk rage
 i - a potion of lignification
Books
 b - a book of Changes

   Spells                             Type                      Level
   a - Beastly Appendage              Transmutation                1
   b - Sticks to Snakes               Transmutation                2
   c - Spider Form                    Transmutation/Poison         3
   d - Ice Form                       Ice/Transmutation            4
   e - Blade Hands                    Transmutation                5
 r - a book of Frost

   Spells                             Type                      Level
   a - Freeze                         Ice                          1
   b - Throw Frost                    Conjuration/Ice              2
   c - Ozocubu's Armour               Charms/Ice                   3
   d - Throw Icicle                   Conjuration/Ice              4
   e - Summon Ice Beast               Ice/Summoning                4
Comestibles
 c - 5 bread rations
 k - a meat ration


   Skills:
 - Level 3.7 Fighting
 - Level 2.0 Dodging
 + Level 2.4 Stealth
 + Level 4.5 Unarmed Combat
 - Level 3.0 Spellcasting
 - Level 3.9 Transmutations
 - Level 2.3 Poison Magic


You had 6 spell levels left.
You knew the following spells:

 Your Spells              Type           Power        Failure   Level  Hunger
a - Beastly Appendage     Trmt           ##....       4%          1    #......
b - Sticks to Snakes      Trmt           ##......     8%          2    ##.....
c - Spider Form           Trmt/Pois      ##........   17%         3    ###....


Dungeon Overview and Level Annotations

Branches:
Dungeon (5/15)             Temple (0/1) D:4

Altars:
Ashenzari
Pakellas
Zin


Innate Abilities, Weirdness & Mutations

You cannot wear most types of armour.
You are amphibious.
You can wear up to eight rings at the same time.
You can use your tentacles to constrict eight enemies at once.
Your skin changes colour to match your surroundings (Stealth).
Your rubbery body absorbs attacks (AC +1).
One of your tentacles bears a large vicious spike.


Message History

The orc hits you.
The orc wizard hits you with a dagger of speed.
* * * LOW HITPOINT WARNING * * *
The crimson imp blinks!
The orc priest hits you with a club.
* * * LOW HITPOINT WARNING * * *
An orc comes into view.
The orc shouts!
You tentacle-slap the orc priest.
You kill the orc priest!
The orc wizard hits you with a dagger of speed.
* * * LOW HITPOINT WARNING * * *
The orc barely misses you.
Read which item? (? for menu, Esc to quit)
As you read the scroll labeled HEDEPN TEMI, it crumbles to dust.
You feel blessed for a moment.
It was a scroll of remove curse.
The orc wizard hits you with a dagger of speed.
* * * LOW HITPOINT WARNING * * *
The orc wizard casts a spell at you. The magic dart hits you!
You die...

#.................
#.................
#.................
#...............##
#...............#
#...(...........#
.######...............#
.....$oo..............#
..o...o@((.>.(........##
..o...oY)##.#...........
o........##.#...........
.........##.#...........
.........##.#...........
.........##.#.).........
...5.....##.#...........
.......).##.#...........
#.#...........


You could see a sky beast, an orc wizard, a crimson imp and 6 orcs.

Vanquished Creatures
  A centaur (D:5)
  A crimson imp (D:5)
  The ghost of ilikecats the Skirmisher, a weakling FeMo of Ru (D:4)
  An orc priest (D:5)
  A hound (D:4)
  Ijyb (D:2)
  A worker ant (D:4)
  10 adders
  4 worms
  2 dart slugs (D:2)
  4 giant geckos
  19 orcs
  8 bats
  8 giant cockroaches
  13 goblins
  4 hobgoblins (D:3)
  5 quokkas
  A ball python (D:1)
  6 giant newts
  11 kobolds
  12 rats
114 creatures vanquished.

Vanquished Creatures (collateral kills)
  An adder (D:3)
  A worm (D:3)
  An orc (D:3)
  A giant cockroach (D:3)
  A hobgoblin (D:3)
  A goblin (D:3)
  A kobold (D:3)
7 creatures vanquished.

Grand Total: 121 creatures vanquished

Notes
Turn   | Place    | Note
--------------------------------------------------------------
     0 | D:1      | Ijustatesigmund the Octopode Transmuter began the quest for the Orb.
     0 | D:1      | Reached XP level 1. HP: 13/13 MP: 3/3
   254 | D:1      | Reached XP level 2. HP: 15/18 MP: 3/5
   261 | D:1      | Learned a level 2 spell: Sticks to Snakes
   979 | D:2      | Reached XP level 3. HP: 18/24 MP: 4/6
   995 | D:2      | Learned a level 3 spell: Spider Form
  1079 | D:2      | Noticed Ijyb
  1100 | D:2      | Killed Ijyb
  1100 | D:2      | Reached XP level 4. HP: 12/29 MP: 7/7
  1865 | D:2      | Reached skill level 1 in Poison Magic
  2291 | D:3      | Reached XP level 5. HP: 31/36 MP: 4/9
  2599 | D:3      | Found a glowing silver altar of Zin.
  3214 | D:3      | Found a shattered altar of Ashenzari.
  3811 | D:3      | Reached XP level 6. HP: 37/42 MP: 10/10
  4354 | D:4      | Noticed ilikecats's ghost (weakling FeMo)
  4524 | D:4      | Found an oddly glowing altar of Pakellas.
  4634 | D:4      | Killed ilikecats's ghost
  4640 | D:4      | Found a staircase to the Ecumenical Temple.
  4718 | D:5      | Entered Level 5 of the Dungeon
  4928 | D:5      | Reached skill level 4 in Unarmed Combat
  5161 | D:5      | Noticed a sky beast
  5168 | D:5      | Reached XP level 7. HP: 20/47 MP: 11/11
  5172 | D:5      | Killed from afar by an orc wizard

Vault maps used:
D:1:      dpeg_arrival_water_temple_mockup
D:2:      first_bread, minmay_misc_feat_hallway, uniq_iyjb
D:3:      cheibrodos_ashenzari_chains, nicolae_overflow_crystal_walls,
          serial_bayou_pond_b, minmay_joined_circles
D:4:      minmay_temple_entry_poolview, nicolae_ossuary_entry_giza,
          grunt_pakellas_basics, uniq_pikel
D:5:      kennysheep_mini_moat, kennysheep_little_box, basic_altar, st_stairs_9,
          uniq_prince_ribbit1, uniq_duvessa, uniq_menkaure

Skill      XL: |  1  2  3  4  5  6 |
---------------+-------------------+-----
Fighting       | 2 3 |  3.7
Poison Magic   | 1 2 |  2.3
Transmutations | 3 |  3.9
Spellcasting   | 3 |  3.0
Unarmed Combat | 4 |  4.5
Stealth        | 2 |  2.4
Dodging        | |  2.0

Action                   |  1- 3 |  4- 6 |  7- 9 || total
-------------------------+-------+-------+-------++-------
Melee: Unarmed           |    65 |   239 |     3 ||   307
 Cast: Beastly Appendage |     6 |    20 |       ||    26
       Sticks to Snakes  |       |    14 |       ||    14
Evoke: Wand              |       |     1 |       ||     1
  Use: Potion            |     2 |     6 |       ||     8
       Scroll            |       |    11 |     1 ||    12
 Stab: Sleeping          |     6 |    10 |       ||    16
  Eat: Chunk             |       |     8 |       ||     8
       Beef jerky        |       |     3 |       ||     3
       Pizza             |       |     2 |       ||     2
